 Seeded DCSS version 0.29-a0-378-gc08b2e8bf8 (webtiles) character file.

Game seed: 13605594255664981076 (custom seed)

321 thiscave3701365 the Chopper (level 6, -6/84 HPs)
             Began as a Minotaur Berserker on May 4, 2022.
             Was a Believer of Trog.
             Mangled by an ogre
             ... wielding a +0 giant club
              (20 damage)
             ... on level 4 of the Dungeon.
             The game lasted 00:02:20 (5004 turns).

thiscave3701365 the Chopper (Minotaur Berserker)    Turns: 5004, Time: 00:02:20

Health: -6/84      AC: 10    Str: 24    XL:     6   Next: 22%
Magic:  5/5        EV:  9    Int:  4    God:    Trog [**....]
Gold:   171        SH:  0    Dex:  9    Spells: 5/5 levels left

rFire   . . .      SeeInvis .   a - +0 hand axe
rCold   . . .      Faith    .   (no shield)
rNeg    . . .      Spirit   .   o - +1 chain mail {rPois}
rPois   +          Reflect  .   (helmet restricted)
rElec   .          Harm     .   (no cloak)
rCorr   .          Rampage  .   (no gloves)
Will    .....                   (no boots)
Stlth   ..........              (no amulet)
HPRegen 0.24/turn               (no ring)
MPRegen 0.09/turn               (no ring)

@: berserking, very quick
A: horns 2, retaliatory headbutt
a: Renounce Religion, Berserk, Trog's Hand


You were on level 4 of the Dungeon.
You worshipped Trog.
Trog was pleased with you.
You visited 1 branch of the dungeon, and saw 4 of its levels.

You collected 171 gold pieces.

Inventory:

Hand Weapons
 a - a +0 hand axe (weapon)
Armour
 b - a +0 animal skin
 o - a +1 chain mail of poison resistance (worn)
Jewellery
 p - a ring of protection from cold
Wands
 s - a wand of charming (10)
 t - a wand of digging (3)
Scrolls
 d - a scroll of immolation {unknown}
 e - 6 scrolls of identify {unknown}
 g - a scroll of blinking {unknown}
 h - 2 scrolls of fog {unknown}
 i - 2 scrolls of vulnerability {unknown}
 k - 2 scrolls of poison {unknown}
 q - a scroll of torment {unknown}
 r - a scroll of teleportation {unknown}
Potions
 c - a potion of brilliance {unknown}
 f - 2 potions of haste {unknown}
 j - a potion of magic {unknown}
 l - a potion of might {unknown}
 m - a potion of ambrosia {unknown}
 n - a potion of flight {unknown}


   Skills:
 + Level 5.4 Fighting
 + Level 6.2 Axes
 + Level 3.8 Armour
 + Level 2.9 Dodging
 + Level 0.8 Stealth


You had 5 spell levels left.
You didn't know any spells.
Your spell library was empty.

Dungeon Overview and Level Annotations

Branches:
Dungeon (4/15)
 Temple: D:4-7

Altars:
Cheibriados
Makhleb
Okawaru
Uskayaw


Innate Abilities, Weirdness & Mutations

You have a pair of horns on your head.
You reflexively headbutt those who attack you in melee.


Message History

The goblin shouts!
You hear a shout!
An ogre comes into view. It is wielding a +0 giant club.
There are monsters nearby!
Unknown command.
The ogre hits you with a +0 giant club!
There is a stone staircase leading up, spattered with blood here.
There are monsters nearby!
You barely miss the ogre. Your headbutt misses the ogre.
Unknown command.
There are monsters nearby!
You hit the ogre.
The ogre is lightly wounded.
You closely miss the goblin.
The ogre hits you with a +0 giant club!!
You are too injured to fight recklessly!
You are too injured to fight recklessly!
Unknown command.
You are too injured to fight recklessly!
Unknown command.
You are too injured to fight recklessly!
A red film seems to cover your vision as you go berserk!
You feel yourself moving faster!
You feel mighty! The goblin hits you with a +0 dagger.
You barely miss the ogre.
The ogre is lightly wounded.
You hit the goblin. The ogre hits you with a +0 giant club!
* * * LOW HITPOINT WARNING * * *
The goblin hits you with a +0 dagger.
* * * LOW HITPOINT WARNING * * *
You slash the ogre!
The ogre is moderately wounded.
You hit the goblin.
You kill the goblin!
Trog accepts your kill.
A kobold comes into view. It is wielding a +0 short sword.
The kobold shouts!
You hit the ogre.
The ogre is heavily wounded.
The ogre hits you with a +0 giant club!!
You die...

##K######...#
............
#.!........
#.........
#.......#
#.#.......#
#.#...)O..#
#.#...@...# #
#.#.##.####
#.##.#.##.#
#.........#.#..
###.#...........
#...####.#....
#.### ... ..
#.######..##
#.........#


You could see an ogre and a kobold.

Vanquished Creatures
  2 orc priests (D:4)
  An iguana (D:3)
  An orc wizard (D:3)
  8 gnolls
  3 adders
  An ufetubus (D:4)
  20 orcs
  3 endoplasms
  3 giant cockroaches
  8 goblins
  4 hobgoblins
  3 jackals (D:1)
  A quokka (D:4)
  10 ball pythons
  A bat (D:3)
  3 frilled lizards
  4 kobolds
  7 rats
83 creatures vanquished.

Notes
Turn   | Place    | Note
-------+----------+-------------------------------------------
     0 | D:1      | thiscave3701365 the Minotaur Berserker began the quest for
                  | the Orb.
     0 | D:1      | Reached XP level 1. HP: 19/19 MP: 0/0
   283 | D:1      | Found a faded altar of an unknown god.
   359 | D:1      | Reached XP level 2. HP: 27/27 MP: 1/1
   360 | D:1      | Reached skill level 4 in Axes
   811 | D:2      | Reached ** piety under Trog
  1024 | D:2      | Reached XP level 3. HP: 33/33 MP: 2/2
  1122 | D:2      | Reached XP level 4. HP: 30/41 MP: 3/3
  1560 | D:2      | Reached skill level 5 in Axes
  2284 | D:3      | Reached XP level 5. HP: 47/47 MP: 4/4
  3374 | D:3      | Found a burning altar of Makhleb.
  3374 | D:3      | Found a hide-covered altar of Uskayaw.
  3950 | D:4      | Found a snail-covered altar of Cheibriados.
  3964 | D:4      | Reached skill level 5 in Fighting
  4182 | D:4      | Found an iron altar of Okawaru.
  4244 | D:4      | Reached skill level 6 in Axes
  4381 | D:4      | Reached XP level 6. HP: 56/56 MP: 5/5
  5004 | D:4      | Mangled by an ogre

Illustrated notes

Levels and vault maps discovered:
D:1:      wander_arrival_lonely_grave, layout_basic,
          ebering_ecumenical_altar_rust
D:2:      layout_basic, minmay_misc_feat_tower, grunt_decor_mini_mirrors
D:3:      layout_basic, mainiacjoe_overflow_divided_tiny
D:4:      layout_loops_ring, grunt_temple_overflow_opulence,
          general_overflow_altar, mainiacjoe_overflow_24_doors, temple_doors_ab

Skill      XL: |  1  2  3  4  5 |
---------------+----------------+-----
Axes           | 4 5 6 |  6.2
Fighting       | 4 5 |  5.4
Armour         | 3 |  3.8
Dodging        | |  2.9
Stealth        | |  0.8

Action                   |  1- 3 |  4- 6 || total
-------------------------+-------+-------++-------
Melee: Hand axe          |    54 |   110 ||   164
       Headbutt          |     8 |    11 ||    19
       Punch             |     1 |     1 ||     2
Invok: Berserk           |     1 |    11 ||    12
Armor: Animal skin       |    10 |     3 ||    13
       Chain mail        |       |    36 ||    36
Dodge: Dodged            |    37 |    34 ||    71

Table legend: (Time is in decaauts)
 A = Elapsed time spent in this place.
 B = Non-inter-level travel time spent in this place.
 C = Inter-level travel time spent in this place.
 D = Time resting spent in this place.
 E = Time spent auto-exploring this place.
 F = Levels seen in this place.
 G = Mean time per level.
                   A        B        C        D        E       F      G
               +--------+--------+--------+--------+--------+-----+--------+
         Total |   5112 |   4953 |    159 |   1553 |   2989 |   4 | 1278.0 |
       Dungeon |   5112 |   4953 |    159 |   1553 |   2989 |   4 | 1278.0 |
               +--------+--------+--------+--------+--------+-----+--------+

Top non-repeatable levels by time:
     D:3: 1652 daAuts
     D:2: 1399 daAuts
     D:4: 1336 daAuts
     D:1: 724 daAuts
